 Dungeon Crawl Stone Soup version 0.20-a0-850-ge5a7832 (webtiles) character file.

155353 Elitist the Severer (level 17, -7/108 HPs)
             Began as a Gargoyle Wanderer on Mar 9, 2017.
             Was the Champion of Hepliaklqana.
             Mangled by an alligator snapping turtle (25 damage)
             ... on level 2 of the Shoals on Mar 10, 2017.
             The game lasted 01:47:01 (30374 turns).

Elitist the Severer (Gargoyle Wanderer)            Turns: 30374, Time: 01:47:02

Health: -7/108     AC: 36    Str: 17    XL:     17   Next: 64%
Magic:  23/24      EV: 13    Int: 20    God:    Hepliaklqana [******]
Gold:   1076       SH:  0    Dex: 12    Spells: 15/16 levels left

rFire    + + .     SeeInvis .   a - +6 executioner's axe (flame)
rCold    . . .     Gourm    .   x - +3 fire dragon scales
rNeg     + + .     Faith    .   (shield currently unavailable)
rPois    ∞         Spirit   .   R - +0 helmet "Agulopon" {Int+4}
rElec    +         Reflect  .   P - +2 cloak
rCorr    .         Harm     .   (no gloves)
MR       ++...                  z - +2 pair of boots
Stlth    ..........             h - amulet of Vitality {Regen+ HP+15}
Regen    0.7/turn               Y - ring of positive energy
MPRegen  0.2/turn               s - ring of protection from magic

@: barbed spikes, flying
A: reduced essence, big wings, cold resistance 1, negative energy resistance 1,
screaming 1, electricity resistance, unbreathing, petrification resistance, rot
immunity, AC +12
a: Stop Flying, Recall Ancestor, Ancestor Identity, Transference, Idealise,
Renounce Religion


You were on level 2 of the Shoals.
You worshipped Hepliaklqana.
Hepliaklqana was exalted by your worship.
You were not hungry.

You visited 5 branches of the dungeon, and saw 29 of its levels.
You visited 1 bazaar.
You also visited: Labyrinth and Volcano.

You collected 1779 gold pieces.
You spent 703 gold pieces at shops.

Inventory:

Hand Weapons
 a - a +6 executioner's axe of flaming (weapon)
 b - a +1 battleaxe of venom
 k - a +2 fustibalus of flaming
Missiles
 w - 2 throwing nets (quivered)
Armour
 x - +3 fire dragon scales (worn)
 z - a +2 pair of boots (worn)
 P - a +2 cloak (worn)
 R - the +0 helmet "Agulopon" (worn) {Int+4}
   (You acquired it on level 12 of the Dungeon)

   It affects your intelligence (+4).
Jewellery
 h - the amulet of Vitality (around neck) {Regen+ HP+15}
   (You took it off Eustachio on level 6 of the Dungeon)

   [amulet of regeneration]

   It affects your health (+15).
   It increases your rate of regeneration.
 s - a ring of protection from magic (left hand)
 O - an uncursed ring of ice
 Y - a ring of positive energy (right hand)
Wands
 n - a wand of enslavement (6/24)
 q - a wand of lightning (3/15)
 r - a wand of iceblast (0/15)
 t - a wand of disintegration (9/24)
 C - a wand of iceblast (0/15)
 H - a wand of disintegration (5/24)
 I - a wand of confusion (3/48)
 N - a wand of iceblast (2/15)
 S - a wand of digging (9/24)
 U - a wand of polymorph (17/24)
Scrolls
 d - 12 scrolls of remove curse
 e - 14 scrolls of teleportation
 g - 2 scrolls of fear
 i - 2 scrolls of blinking
 l - a scroll of enchant weapon
 A - 3 scrolls of magic mapping
 B - 2 scrolls of immolation
 E - 6 scrolls of identify
 G - a scroll of silence
 L - 2 scrolls of summoning
 M - 2 scrolls of amnesia
 Q - a scroll of recharging
 V - a scroll of fog
Potions
 c - 8 potions of curing
 m - 6 potions of lignification
 o - 2 potions of haste
 p - 2 potions of ambrosia
 v - 3 potions of berserk rage
 D - a potion of resistance
 J - a potion of agility
 K - a potion of might
 T - 2 potions of cancellation
Miscellaneous
 Z - a phantom mirror
Comestibles
 f - 16 bread rations
 j - 3 meat rations
 u - 9 royal jellies
 F - 8 chunks of flesh
 W - 2 fruits


   Skills:
 - Level 11.0 Fighting
 * Level 16.8(18.2) Axes
   Level 13.6(17.4) Maces & Flails
   Level 1.0(9.0) Staves
 - Level 10.8 Armour
 - Level 8.2 Dodging
 - Level 1.1 Stealth
   Level 7.8 Shields
 - Level 3.0 Necromancy
 + Level 9.6 Invocations
 - Level 5.8 Evocations


You had 15 spell levels left.
You knew the following spells:

 Your Spells              Type           Power        Failure   Level  Hunger
z - Animate Skeleton      Necr           N/A          17%         1    ##.....


Dungeon Overview and Level Annotations

Branches:
Dungeon (15/15)            Temple (0/1) D:5            Lair (6/6) D:8
 Shoals (2/4) Lair:4       Spider (4/4) Lair:2          Orc (2/2) D:12
    Elf (0/3) Orc:2        Vaults (0/5) D:14         Depths (0/5) D:15
  Slime: Lair:5-6

Altars:
Dithmenos
Gozag
Hepliaklqana
Makhleb
Uskayaw
Wu Jian
Xom
Yredelemnul
Zin
Beogh

Shops:
D:7 !   D:9 =   D:10 *   D:11 (   D:12 *   D:15 (   Orc:2 (??[


Innate Abilities, Weirdness & Mutations

You are resistant to torment.
Your stone body is resilient. (AC +12)
You are immune to poison.
Your large and strong wings let you fly indefinitely.
You resist negative energy. (rN+)
You are resistant to electric shocks. (rElec)
You can survive without breathing.
You are immune to petrification.
You are immune to rotting.
Your life essence is reduced. (-10% HP)
Your flesh is cold resistant. (rC+)
You occasionally shout uncontrollably at your foes.


Message History

The manticore flicks its tail.
The volley of spikes hits you!
The barbed spikes become lodged in your body.
* * * LOW HITPOINT WARNING * * *
Unknown command.
The barbs in your skin will harm you if you move.
Continue?
Okay, then.
The barbs in your skin will harm you if you move.
Continue?
The barbed spikes dig painfully into your body as you move.
* * * LOW HITPOINT WARNING * * *
The centaur shoots an arrow.
The arrow barely misses you.
Unknown command.
The barbed spikes dig painfully into your body as you move.
* * * LOW HITPOINT WARNING * * *
The manticore flicks its tail.
The volley of spikes hits you!
There is a stone staircase leading up here.
The centaur shoots an arrow.
The arrow barely misses you.
The alligator snapping turtle bites you from afar!!
You die...

.......≈≈≈≈≈≈≈≈≈,,,******,,*,,≈≈≈
.......≈≈≈≈≈≈≈≈....#### ****,,≈≈≈
≈≈..##..≈≈≈≈≈≈≈.......# ****,,,,,
≈≈.###.....≈≈≈≈.......##*,,,,,,,,
≈≈≈....##.≈≈.≈≈≈.....$.#*,,.#****
≈≈≈...###.≈≈≈≈≈...≈≈≈..#**..#
≈≈≈≈≈.###≈≈≈≈........$.###..##
≈≈≈≈..≈≈.≈≈≈......c.P........#
≈≈≈≈≈≈≈≈≈≈≈≈....@.t%.≈≈...≈..#
≈≈≈≈≈≈≈≈.......H##P(..≈≈≈≈≈.># *
≈≈≈≈≈≈≈≈...(...m.#....≈≈≈≈≈..####
≈≈≈≈≈≈≈≈....≈....m.≈.≈≈≈≈≈≈≈.....
≈≈≈≈≈≈≈≈..≈≈≈≈.......(...≈≈≈.....
...≈≈≈≈....≈≈≈.......#(..≈≈≈≈.≈≈≈
..#.≈≈..##..≈≈$P.≈.P..PP.P.≈≈.≈≈≈
###.≈≈.,...≈...P...≈≈P≈P.........
.#*,.≈≈,......#...≈≈≈≈≈P>..###...


You could see an alligator snapping turtle, a merfolk impaler, a hippogriff and
a centaur.

Vanquished Creatures
  Rupert (Lair:3)
  Kirke (D:14)
  Donald (Spider:4)
  A frost giant (D:10)
  An orc warlord (Orc:2)
  2 emperor scorpions
  Louise (Spider:3)
  A ghost moth (Spider:3)
  A minotaur (Lab)
  A merfolk javelineer (Shoals:1)
  Fannar (Lair:1)
  Harold (D:10)
  3 hydras
  3 centaur warriors
  2 death knights
  A merfolk aquamancer (Shoals:1)
  A catoblepas (D:14)
  A satyr (Shoals:2)
  An ogre mage (D:11)
  8 two-headed ogres
  A queen ant (D:10)
  4 orc high priests (Orc:2)
  A skeletal warrior (D:15)
  A sea snake (Shoals:1)
  2 wizards (D:15)
  Pikel (D:5)
  A phantasmal warrior (D:15)
  7 harpies (Shoals:1)
  A necromancer (D:15)
  2 orc knights (Orc:2)
  5 fauns
  5 orc sorcerers (Orc:2)
  5 ugly things
  4 deep elf magi
  15 wolf spiders
  5 manticores
  10 orb spiders
  A moth of wrath (shapeshifter) (D:15)
  5 cyclopes
  A cyclops (shapeshifter) (D:14)
  4 merfolk sirens (Shoals:1)
  2 black mambas
  Psyche (D:9)
  3 gargoyles
  A torpor snail (Spider:3)
  A water nymph (Shoals:1)
  2 freezing wraiths
  6 rime drakes
  3 kobold demonologists (D:11)
  8 spiny frogs
  A yaktaur (Lair:4)
  2 komodo dragons
  11 demonic crawlers
  3 merfolk (Shoals:1)
  A minotaur zombie (Lab)
  A meliai (shapeshifter) (D:14)
  A queen bee (shapeshifter) (D:13)
  16 jumping spiders
  A queen bee (Spider:1)
  3 trolls
  2 meliai (Spider:1)
  9 hornets
  A polar bear (Lair:5)
  11 dream sheep
  A wind drake (Shoals:1)
  9 blink frogs
  8 hippogriffs
  3 snapping turtles
  3 slime creatures (D:12)
  13 tarantellas
  A centaur simulacrum (D:15)
  7 water elementals (Shoals:1)
  46 redbacks
  A wraith (D:15)
  2 hogs (D:14)
  2 fire bats (Lair:4)
  Eustachio (D:6)
  4 wyverns
  7 fire elementals
  2 hungry ghosts
  37 yaks
  A steam dragon (D:15)
  6 vampire mosquitoes
  Menkaure (D:7)
  3 wargs (Orc:2)
  5 soldier ants (D:10)
  An acid dragon (D:13)
  3 hell hounds
  A swamp worm (shapeshifter) (D:14)
  Duvessa (D:5)
  8 water moccasins
  3 black bears
  39 orc warriors
  2 porcupines
  A meliai simulacrum (D:15)
  2 phantoms
  2 slaves
  7 ice beasts
  2 sky beasts
  14 ogres
  A necrophage (D:11)
  8 wolves
  12 centaurs
  7 crocodiles
  8 big kobolds
  20 bullfrogs
  2 gnoll sergeants
  A wyvern zombie (D:12)
  8 scorpions
  2 hexers
  Dowan (D:5)
  45 killer bees
  10 electric eels
  A howler monkey (D:6)
  7 wights
  A bullfrog zombie (D:7)
  3 crimson imps
  A quasit (D:8)
  4 hounds
  6 jellies
  5 centaur zombies
  29 orc wizards
  30 orc priests
  4 centaur skeletons
  3 iguanas
  3 bullfrog skeletons
  31 worker ants
  A killer bee zombie (D:6)
  3 hound zombies
  A hound skeleton (D:11)
  A worker ant zombie (D:11)
  17 adders
  15 gnolls
  A howler monkey skeleton (D:6)
  2 shadow imps
  2 oozes
  3 adder skeletons
  2 worms
  A dart slug (D:1)
  A leopard gecko (D:1)
  104 orcs
  9 bats
  7 giant cockroaches
  5 goblins
  10 hobgoblins
  14 jackals
  25 kobolds
  3 quokkas
  7 frilled lizards
  A quokka skeleton (D:4)
  8 rats
  A plant (Shoals:1)
950 creatures vanquished.

Vanquished Creatures (collateral kills)
  Frances (Shoals:1)
  Azrael (D:14)
  An entropy weaver (Spider:3)
  A fire dragon (Lair:3)
  2 hydras
  A centaur warrior (D:13)
  Erica (D:10)
  A two-headed ogre (D:11)
  A merfolk aquamancer (Shoals:1)
  A sea snake (Shoals:2)
  The ghost of Apostate the Spear-Bearer, a novice DsMo of Wu Jian (D:7)
  3 unseen horrors
  A wolf spider (Spider:1)
  An orc knight (Orc:2)
  5 orb spiders
  A faun (Shoals:2)
  3 manticores
  An ugly thing (D:14)
  2 torpor snails
  Joseph (Lair:1)
  A merfolk siren (Shoals:2)
  A centaur skeleton (D:13)
  2 spiny frogs (Lair:5)
  A rime drake (Lair:3)
  2 demonic crawlers
  3 komodo dragons
  A yaktaur (Volcano)
  A jumping spider (shapeshifter) (D:11)
  A meliai (Spider:1)
  7 jumping spiders
  A troll (D:9)
  4 blink frogs
  2 hornets
  A hippogriff (Shoals:1)
  5 dream sheep
  A snapping turtle (Shoals:1)
  3 redbacks
  3 tarantellas
  A spriggan (D:9)
  A fire bat (Lair:4)
  5 yaks
  A wyvern (Lair:1)
  A steam dragon (D:12)
  A hungry ghost (D:10)
  2 soldier ants (D:10)
  4 water moccasins
  A hell hound (D:14)
  A porcupine (Lair:5)
  An orc warrior (Orc:2)
  A meliai simulacrum (D:15)
  An ice beast (D:10)
  2 sky beasts
  2 necrophages
  A wolf (Lair:3)
  2 ogres
  2 crocodiles
  2 bullfrogs
  7 killer bees
  An electric eel (D:11)
  A bullfrog zombie (D:11)
  5 orc priests
  A jelly (D:10)
  3 orc wizards
  3 hounds
  An iguana (D:6)
  A worker ant zombie (D:7)
  An adder (D:5)
  A worker ant simulacrum (D:11)
  An adder zombie (D:6)
  16 orcs
  A jackal (D:7)
  3 quokkas
  4 kobolds (D:10)
  A plant (Shoals:1)
153 creatures vanquished.

Vanquished Creatures (others)
  A harpy (Shoals:1)
  2 redbacks
  2 hogs (D:14)
  4 killer bees (D:11)
  32 hexers
  5 ancestors
  3 orcs (D:11)
  A kobold (D:10)
  4 fungi (Lair:6)
  3 plants
57 creatures vanquished.

Grand Total: 1160 creatures vanquished

Notes
Turn   | Place    | Note
-------+----------+-------------------------------------------
     0 | D:1      | Elitist the Gargoyle Wanderer began the quest for the Orb.
     0 | D:1      | Elitist set off with: a +0 shield, a +0 mace, a potion of curing, a +0 robe, a bread ration
     0 | D:1      | Reached XP level 1. HP: 16/16 MP: 1/1
   338 | D:1      | Reached XP level 2. HP: 14/20 MP: 2/2
   686 | D:1      | Reached XP level 3. HP: 24/24 MP: 3/3
  1183 | D:1      | Reached skill level 5 in Fighting
  1183 | D:1      | Reached XP level 4. HP: 6/31 MP: 4/4
  2071 | D:2      | Reached XP level 5. HP: 31/35 MP: 5/5
  2702 | D:3      | Reached skill level 5 in Maces & Flails
  2702 | D:3      | Reached XP level 6. HP: 40/41 MP: 6/6
  3050 | D:2      | Found a shimmering altar of Xom.
  3214 | D:4      | Noticed a phantom
  3262 | D:4      | Killed a phantom
  3520 | D:4      | Reached XP level 7. HP: 28/47 MP: 7/7
  3929 | D:4      | Found a shimmering altar of Xom.
  3930 | D:4      | Found a hazy altar of Hepliaklqana.
  3931 | D:4      | Noticed a spectral ugly thing
  3934 | D:4      | Became a worshipper of Hepliaklqana the Forgotten
  3990 | D:5      | Entered Level 5 of the Dungeon
  4359 | D:5      | Reached XP level 8. HP: 13/47 MP: 8/8
  4369 | D:5      | Reached skill level 1 in Armour
  5245 | D:5      | Noticed Pikel
  5285 | D:5      | Killed Pikel
  5315 | D:5      | Noticed Dowan
  5317 | D:5      | Noticed Duvessa
  5326 | D:5      | Killed Dowan
  5326 | D:5      | Reached XP level 9. HP: 47/51 MP: 9/9
  5333 | D:5      | Killed Duvessa
  5493 | D:5      | Found a staircase to the Ecumenical Temple.
  5615 | D:6      | Found an ornate altar of the Wu Jian Council.
  5856 | D:6      | Noticed Eustachio
  5915 | D:6      | Killed Eustachio
  6029 | D:6      | Reached * piety under Hepliaklqana
  6388 | D:5      | Reached skill level 5 in Shields
  6573 | D:6      | Reached skill level 5 in Armour
  7241 | D:6      | Found a hide-covered altar of Uskayaw.
  7253 | D:6      | Reached skill level 10 in Maces & Flails
  7289 | D:6      | Found Taix's Magic Scroll Emporium.
  7292 | D:6      | Bought a scroll of identify for 24 gold pieces
  7292 | D:6      | Bought a scroll of identify for 24 gold pieces
  7292 | D:6      | Bought a scroll of identify for 24 gold pieces
  7292 | D:6      | Bought a scroll of identify for 24 gold pieces
  7292 | D:6      | Bought a scroll of remove curse for 36 gold pieces
  7292 | D:6      | Bought 2 scrolls of magic mapping for 84 gold pieces
  7292 | D:6      | Bought a scroll of random uselessness for 12 gold pieces
  7292 | D:6      | Bought a scroll of blinking for 90 gold pieces
  7292 | D:6      | Bought a scroll of noise for 12 gold pieces
  7308 | D:7      | Noticed Apostate's ghost (novice DsMo)
  7330 | D:7      | Killed Apostate's ghost
  7330 | D:7      | Reached XP level 10. HP: 56/56 MP: 10/10
  7607 | D:7      | Reached skill level 1 in Invocations
  7899 | D:7      | Noticed Menkaure
  7905 | D:7      | Killed Menkaure
  8400 | D:7      | Gained mutation: Your flesh is cold resistant. (rC+) [mutagenic meat]
  8401 | D:7      | Gained mutation: You occasionally shout uncontrollably at your foes. [mutagenic meat]
  8647 | D:7      | Found Zisenodd's Distillery.
  8668 | D:7      | Bought a potion of berserk rage for 60 gold pieces
  8668 | D:7      | Bought a potion of might for 48 gold pieces
  8848 | D:8      | Found a staircase to the Lair.
  9059 | D:8      | Noticed a two-headed ogre
  9244 | D:8      | Reached ** piety under Hepliaklqana
  9281 | D:8      | Remembered your ancestor Yara as a hexer
  9360 | D:8      | Killed a two-headed ogre
  9628 | D:9      | Found Qeix's Jewellery Boutique.
  9642 | D:9      | Reached XP level 11. HP: 57/60 MP: 14/14
  9801 | D:9      | Noticed Psyche
  9813 | D:9      | Killed Psyche
  9813 | D:9      | Reached skill level 1 in Evocations
  9928 | D:9      | Found a glowing silver altar of Zin.
  9931 | D:9      | Found an opulent altar of Gozag.
  9932 | D:9      | Found a basalt altar of Yredelemnul.
  9933 | D:9      | Found a burning altar of Makhleb.
  9933 | D:9      | Found a shadowy altar of Dithmenos.
 10057 | D:9      | Reached *** piety under Hepliaklqana
 10636 | D:10     | Entered Level 10 of the Dungeon
 10685 | D:10     | Noticed Harold
 10837 | D:10     | Reached skill level 5 in Invocations
 11172 | D:10     | Noticed a frost giant
 11459 | D:8      | Noticed a two-headed ogre
 11460 | Lair:1   | Entered Level 1 of the Lair of Beasts
 11954 | Lair:1   | Reached **** piety under Hepliaklqana
 11965 | Lair:1   | Noticed Joseph
 11984 | Lair:1   | Killed Joseph
 12067 | Lair:1   | Reached XP level 12. HP: 47/67 MP: 17/17
 12146 | Lair:1   | Noticed a four-headed hydra
 12158 | Lair:1   | Killed a four-headed hydra
 12246 | Lair:1   | Noticed Fannar
 12274 | Lair:1   | Killed Fannar
 12581 | Lair:2   | Noticed an eight-headed hydra
 12589 | Lair:2   | Killed an eight-headed hydra
 12688 | Lair:2   | Found a hole to the Spider Nest.
 13411 | Lair:3   | Reached skill level 10 in Fighting
 13694 | Lair:3   | Noticed Rupert
 13711 | Lair:3   | Killed Rupert
 13787 | Lair:3   | Reached ***** piety under Hepliaklqana
 13808 | Lair:3   | Noticed a fire dragon
 13822 | Lair:3   | Killed a fire dragon
 13822 | Lair:3   | Reached skill level 1 in Axes
 13843 | Lair:3   | Reached skill level 2 in Axes
 14220 | Lair:3   | Reached XP level 13. HP: 75/75 MP: 19/19
 14542 | Lair:4   | Found a dark tunnel.
 14565 | Lair:4   | Reached skill level 3 in Axes
 14571 | Volcano  | Entered a volcano
 14900 | Lair:4   | Found a hide-covered altar of Uskayaw.
 14933 | Lair:4   | Reached skill level 4 in Axes
 14959 | Lair:4   | Found a staircase to the Shoals.
 15349 | Lair:5   | Reached skill level 5 in Axes
 15923 | Lair:5   | Reached skill level 6 in Axes
 16214 | Lair:6   | Entered Level 6 of the Lair of Beasts
 16328 | Lair:6   | Reached ****** piety under Hepliaklqana
 16664 | D:10     | Killed Harold
 16664 | D:10     | Reached skill level 7 in Axes
 16882 | D:10     | Noticed Erica
 16893 | D:10     | Killed Erica
 16893 | D:10     | Reached skill level 5 in Evocations
 16953 | D:10     | Found Sixackam's Assorted Antiques.
 17068 | D:10     | Gained mutation: Your large and strong wings let you fly indefinitely. [Gargoyle growth]
 17068 | D:10     | Reached XP level 14. HP: 81/81 MP: 20/20
 17203 | D:10     | Killed a frost giant
 17203 | D:10     | Reached skill level 8 in Axes
 17206 | D:10     | Got the broad axe of the Wasp {freeze}
 17207 | D:10     | Identified the +5 broad axe of the Wasp {freeze, rPois MR+} (You took it off a frost giant on level 10 of the Dungeon)
 17544 | D:11     | Found a labyrinth entrance.
 17556 | Lab      | Entered a labyrinth
 17685 | Lab      | Got a brightly glowing glaive
 17722 | Lab      | Identified the +8 glaive "Viarrown" {chop, Str+6 Dex-5} (You found it in a labyrinth)
 18405 | D:11     | Reached skill level 5 in Dodging
 18419 | D:11     | Reached skill level 9 in Axes
 18680 | D:11     | Got an ancient brass ring
 18704 | D:11     | Identified the ring of Uskayaw's Castigation {*Tele rElec rN+} (You found it on level 11 of the Dungeon)
 19013 | D:11     | Found Lijif's Antique Weapon Shop.
 19222 | D:12     | Found Urov's General Store.
 19227 | D:12     | Bought a scroll of torment for 97 gold pieces
 19227 | D:12     | Bought a scroll of summoning for 123 gold pieces
 19227 | D:12     | Bought a scroll of immolation for 45 gold pieces
 19263 | D:12     | Identified a scroll of acquirement
 19264 | D:12     | Got an encrusted helmet
 19270 | D:12     | Identified the +0 helmet "Agulopon" {Int+4} (You acquired it on level 12 of the Dungeon)
 19513 | D:12     | Reached skill level 10 in Axes
 19638 | D:12     | Found a staircase to the Orcish Mines.
 20166 | D:13     | Found Boczoav's Antique Weapon Shop.
 20177 | D:13     | Reached XP level 15. HP: 84/84 MP: 21/21
 20546 | D:14     | Noticed Azrael
 20558 | D:14     | Noticed Kirke
 20562 | D:14     | Killed Azrael
 20562 | D:14     | Reached skill level 11 in Axes
 20852 | D:14     | Killed Kirke
 20956 | D:14     | Found a gate to the Vaults.
 21506 | D:15     | Entered Level 15 of the Dungeon
 21588 | D:15     | Reached skill level 10 in Armour
 21620 | D:15     | Found Qicij's Antique Weapon Emporium.
 22010 | D:15     | Found a staircase to the Depths.
 22163 | D:15     | Reached skill level 12 in Axes
 22811 | Shoals:1 | Entered Level 1 of the Shoals
 23025 | Orc:1    | Entered Level 1 of the Orcish Mines
 23096 | Orc:2    | Entered Level 2 of the Orcish Mines
 23366 | Orc:2    | Learned a level 1 spell: Animate Skeleton
 23537 | Orc:2    | Found a staircase to the Elven Halls.
 23870 | Orc:2    | Reached skill level 1 in Necromancy
 23927 | Orc:2    | Found a roughly hewn altar of Beogh.
 24131 | Orc:2    | Found Ramoph's Magic Scroll Emporium.
 24160 | Orc:2    | Found Beytutirr's Antique Weapon Shoppe.
 24170 | Orc:2    | Reached XP level 16. HP: 85/90 MP: 22/22
 24492 | Orc:2    | Found a roughly hewn altar of Beogh.
 24558 | Orc:2    | Found Naucsept's Magic Scroll Boutique.
 24608 | Orc:2    | Found Omagoudgh's Antique Armour Emporium.
 24691 | Orc:2    | Reached skill level 13 in Axes
 25233 | Spider:1 | Entered Level 1 of the Spider Nest
 26615 | Spider:2 | Reached skill level 14 in Axes
 27574 | Spider:3 | Noticed Louise
 27805 | Spider:3 | Reached skill level 15 in Axes
 27816 | Spider:3 | Killed Louise
 27942 | Spider:3 | Reached XP level 17. HP: 93/93 MP: 23/23
 28273 | Spider:4 | Entered Level 4 of the Spider Nest
 28297 | Spider:4 | Noticed Donald
 28307 | Spider:4 | Killed Donald
 28835 | Shoals:1 | Reached skill level 16 in Axes
 29047 | Shoals:1 | Noticed Frances
 29070 | Shoals:1 | Killed Frances
 30116 | Shoals:2 | Found a flickering gateway to a bazaar.
 30135 | Bazaar   | Entered a bazaar
 30137 | Bazaar   | Found Aggei's Weapon Boutique.
 30141 | Bazaar   | Found Hiohuq's Book Boutique.
 30141 | Bazaar   | Found Cextod's Weapon Boutique.
 30142 | Bazaar   | Found Xeitruc's Armour Boutique.
 30374 | Shoals:2 | Mangled by an alligator snapping turtle

Vault maps used:
D:1:      saegor_arrival_simple_c, serial_glass, glass_columns_a,
          glass_columns_b, glass_columns_b, glass_columns_c, glass_columns_b,
          glass_columns_a, glass_columns_c, glass_columns_b
D:2:      lemuel_upstairs_altar, first_bread, serial_undead, serial_undead_b,
          serial_undead_b, serial_undead_c, serial_undead_d
D:4:      regret_index_temple_of_mockery
D:5:      minmay_temple_entry_poolview, uniq_pikel, uniq_eustachio, uniq_duvessa
D:6:      chequers_temple_overflow_statue_of_worship, serial_shops,
          kennysheep_mini_moat
D:7:      serial_shops, shop, uniq_menkaure
D:8:      minmay_lair_entry_lava
D:9:      grunt_temple_overflow_open, serial_shops, shop, the_bakery,
          minmay_misc_feat_five, uniq_psyche
D:10:     minmay_coctagon, serial_shops, shop, zaba_antful_of_joy, uniq_harold,
          uniq_erica
D:11:     regret_index_combs_of_tragedy, serial_shops, nicolae_shop_trees,
          lab_entry_generic
D:12:     orc_0_dummy, serial_shops, kennysheep_little_box
D:13:     serial_shops, shop
D:14:     david_vaults_2, minivault_27, uniq_kirke, uniq_azrael
D:15:     grunt_enter_depths_magical_seal, serial_shops, shop
Lair:1:   hangedman_lair_unloving_vines, serial_bayou_shore_a,
          lemuel_fruit_fields, uniq_fannar, uniq_joseph
Lair:2:   spider_nest_entry_rubble
Lair:3:   dragon1_lemuel, uniq_rupert
Lair:4:   minmay_shoals_entry_hut, basic_altar, nicolae_volcano_entry_batcave,
          infiniplex_staircase_pool, serial_bayou_shore_b
Lair:5:   grunt_megastairs_4
Lair:6:   gammafunk_lair_ancient_temple, slime_altar_1,
          infiniplex_staircase_pool_2
Shoals:1: uniq_frances
Shoals:2: serial_shops, bzr_in_the_mist
Spider:2: special_room
Spider:3: nicolae_spider_corner, uniq_louise
Spider:4: spider_rune_water, spider_trap, uniq_jorgrun, uniq_donald, uniq_nikola
Orc:1:    serial_shops, nicolae_shop_trees
Orc:2:    pubby_orc_utopia
Lab:      labyrinth_hidden_loot, nicolae_lab_flowing_pool
Bazaar:   bazaar_minmay_cross
Volcano:  volcano_caves

Skill      XL: |  1  2  3  4  5  6  7  8  9 10 11 12 13 14 15 16 17 |
---------------+----------------------------------------------------+-----
Maces & Flails | 3 4 5 6 7 8 10 11 12 13 | 13.6
Fighting       | 5 6 7 8 10 11 | 11.0
Armour         | 3 5 7 8 10 | 10.8
Shields        | 3 5 7 |  7.8
Invocations    | 4 7 9 |  9.6
Evocations     | 2 5 |  5.8
Axes           | 2 7 10 12 15 16 | 16.8
Dodging        | 4 6 8 |  8.2
Necromancy     | 1 3 |  3.0
Staves         | |  1.0
Stealth        | |  1.1

Action                   |  1- 3 |  4- 6 |  7- 9 | 10-12 | 13-15 | 16-18 || total
-------------------------+-------+-------+-------+-------+-------+-------++-------
Melee: Mace              |   146 |   139 |       |       |       |       ||   285
       Flail             |       |   195 |   372 |    19 |       |       ||   586
       Morningstar       |       |       |       |   650 |   517 |       ||  1167
       Dire flail        |       |       |       |    47 |       |       ||    47
       Broad axe         |       |       |       |       |   804 |       ||   804
       Battleaxe         |       |       |       |       |   220 |   731 ||   951
       Executioner's axe |       |       |       |       |    43 |    71 ||   114
       Unarmed           |       |       |       |       |     7 |       ||     7
Throw: Throwing net      |       |       |       |     2 |       |       ||     2
Invok: Recall Ancestor   |       |       |     4 |     2 |     3 |     2 ||    11
       Ancestor Life: He |       |       |       |     1 |       |       ||     1
       Ancestor Identity |       |       |       |     1 |       |       ||     1
       Transference      |       |       |       |       |     2 |     3 ||     5
 Abil: Fly               |       |       |       |       |     1 |       ||     1
Evoke: Wand              |       |       |     2 |    16 |    11 |     8 ||    37
  Use: Scroll            |       |     5 |     2 |     9 |    18 |     5 ||    39
       Potion            |       |       |     7 |     8 |     2 |     2 ||    19
 Stab: Invisible         |       |       |     3 |       |       |       ||     3
       Distracted        |       |       |     1 |    12 |    16 |    11 ||    40
       Paralysed         |       |       |     2 |       |    25 |    38 ||    65
       Confused          |       |       |       |     1 |    13 |     6 ||    20
       Held in net/web   |       |       |       |     1 |       |       ||     1
  Eat: Chunk             |     1 |     7 |     7 |    24 |    36 |    16 ||    91
       Meat ration       |       |       |     1 |       |       |     1 ||     2
       Royal jelly       |       |       |       |     2 |       |       ||     2
Armor: Robe              |    19 |       |       |       |       |       ||    19
       Scale mail        |    72 |   266 |   273 |   365 |       |       ||   976
       Fire dragon scale |       |       |       |     9 |   932 |  1111 ||  2052
Dodge: Dodged            |    51 |   114 |   133 |   201 |   652 |   937 ||  2088
Block: Shield            |    52 |   136 |   204 |   336 |   650 |       ||  1378
